 Dungeon Crawl Stone Soup version 0.28-a0-206-gc2c9e32840 (webtiles) character file.

Game seed: 7557770006763766605

299 zazu2006 the Sneak (level 6, -11/51 HPs)
             Began as a Naga Hedge Wizard on Aug 20, 2021.
             Mangled by Menkaure (18 damage)
             ... on level 4 of the Dungeon.
             The game lasted 00:06:11 (4341 turns).

zazu2006 the Sneak (Naga Hedge Wizard)              Turns: 4341, Time: 00:06:11

Health: -11/51     AC:  6    Str: 13    XL:     6   Next: 36%
Magic:  11/12      EV: 13    Int: 18    God:
Gold:   101        SH:  0    Dex: 10    Spells: 5/14 levels left

rFire   . . .      SeeInvis +   f - +2 dagger (flame)
rCold   + . .      Faith    .   (no shield)
rNeg    . . .      Spirit   .   n - +0 leather armour
rPois   +          Reflect  .   j - +1 helmet
rElec   .          Harm     .   s - +0 cloak
rCorr   .          Rampage  .   (no gloves)
Will    +....                   (no barding)
Stlth   ++........              (no amulet)
HPRegen 0.17/turn               h - ring of protection from cold
MPRegen 0.13/turn               i - +4 ring of evasion

@: flying, very slow
A: AC +2, large, see invisible, deformed body, poison resistance, slowness 2,
spit poison 1, naga tail 1, clever 1, strong-willed 1, subdued magic 1
a: Spit Poison


You were on level 4 of the Dungeon.
You visited 1 branch of the dungeon, and saw 4 of its levels.

You collected 101 gold pieces.

Inventory:

Hand Weapons
 f - a +2 dagger of flaming (weapon)
 g - a +1 dagger of electrocution
Armour
 j - a +1 helmet (worn)
 n - a +0 leather armour (worn)
 s - a +0 cloak (worn)
Jewellery
 h - a ring of protection from cold (left hand)
 i - a +4 ring of evasion (right hand)
 v - a ring of wizardry
Wands
 a - a wand of iceblast (9)
Scrolls
 d - 2 scrolls of blinking {unknown}
 k - 3 scrolls of amnesia {unknown}
 m - a scroll of teleportation {unknown}
 o - a scroll of vulnerability {unknown}
 q - a scroll of silence {unknown}
 r - a scroll of identify {unknown}
Potions
 b - 2 potions of magic {unknown}
 c - a potion of attraction {unknown}
 e - a potion of mutation
 l - a potion of lignification {unknown}
 p - a potion of flight
 t - a potion of invisibility {unknown}
 u - a potion of ambrosia {unknown}


   Skills:
 + Level 1.0 Fighting
 + Level 0.6 Armour
 + Level 2.3 Dodging
 + Level 5.0 Stealth
 + Level 4.5 Spellcasting
 + Level 2.2 Conjurations
 + Level 1.0 Summonings
 + Level 1.0 Translocations
 + Level 0.1 Air Magic
 * Level 2.5 Poison Magic


You had 5 spell levels left.
You knew the following spells:

 Your Spells              Type           Power      Damage    Failure   Level
a - Magic Dart            Conj           36%        1d4       6%          1
b - Mephitic Cloud        Conj/Pois/Air  7%         N/A       22%         3
c - Conjure Flame         Conj/Fire      6%         6-21      30%         3
d - Blink                 Tloc           N/A        N/A       16%         2

Your spell library contained the following spells:

 Spells                   Type           Power      Damage    Failure   Level
 Call Imp                 Summ           5%         N/A       16%         2
 Slow                     Hex            3%         N/A       22%         2


Dungeon Overview and Level Annotations

Branches:
Dungeon (4/15)
 Temple: D:4-7

Altars:
Wu Jian

Annotations:
D:3 3 runed translucent doors, pokeman's ghost, amateur DEWz
D:4 Menkaure; Sigmund


Innate Abilities, Weirdness & Mutations

Your serpentine skin is tough. (AC +2)
You have supernaturally acute eyesight. (SInv)
Armour fits poorly on your strangely shaped body.
Your system is resistant to poisons. (rPois)
You cover ground very slowly.
You can spit poison.
You have a snake-like lower body.
Your mind is acute. (Int +2)
You are strong-willed. (Will+)
Your spells are a little easier to cast, but a little less powerful.


Message History

Pain shoots through your body!
Casting: Magic Dart (safe; 6% risk of failure)
Confirm with . or Enter, or press ? or * to list all spells.
Aiming: Magic Dart (safe; 6% risk of failure)
Press: ? - help, Shift-Dir - straight line, f/p - Menkaure
Aim: Menkaure (100% to hit)
The magic dart hits Menkaure.
Menkaure is lightly damaged.
You hit Menkaure. You burn Menkaure.
Menkaure is lightly damaged.
Menkaure misses you.
You hit Menkaure. You burn Menkaure.
Menkaure is moderately damaged.
You hit Menkaure. You burn Menkaure.
Menkaure is heavily damaged.
Menkaure hits you!!
You barely miss Menkaure.
Menkaure is heavily damaged.
Menkaure calls on the powers of darkness!
Your body is wracked with pain!
* * * LOW HITPOINT WARNING * * *
It was a potion of flight.
You feel very buoyant.
You fly up into the air.
Menkaure closely misses you.
You barely miss Menkaure.
Menkaure is heavily damaged.
Menkaure hits you.
* * * LOW HITPOINT WARNING * * *
You hit Menkaure. You burn Menkaure.
Menkaure is severely damaged.
You hit Menkaure. You burn Menkaure.
Menkaure is severely damaged.
Menkaure whispers, "From dust you came, to dust you will return."
Menkaure calls on the powers of darkness!
Your body is wracked with pain!
* * * LOW HITPOINT WARNING * * *
You hit Menkaure. You burn Menkaure.
Menkaure is almost destroyed.
Menkaure hits you!!
You die...

### #.@ ### #.# ##.##
#####.#### #####...####
.........## #...........
#.###.##M##.#.###....###
#.#@..#........#.#
#.....###.####.#.###
###...# #.####.#.... ##.##
#.........## ##.######.#
#####.....## ..........#
##....<.#. #########)##
##.......#.
.#########...####..........
................'......).#.


You could see Menkaure.

Vanquished Creatures
  Crazy Yiuf (D:3)
  An orc priest (D:3)
  Ijyb (D:3)
  Natasha (D:3)
  An orc wizard (D:3)
  Robin (D:3)
  3 gnolls (D:3)
  5 adders
  3 worms (D:2)
  2 dart slugs
  3 orcs (D:3)
  4 ball pythons
  7 endoplasms
  4 giant cockroaches (D:1)
  12 goblins
  6 hobgoblins
  5 kobolds
  3 quokkas
  3 bats
  3 frilled lizards
  4 rats
73 creatures vanquished.

Notes
Turn   | Place    | Note
-------+----------+-------------------------------------------
     0 | D:1      | zazu2006 the Naga Hedge Wizard began the quest for the Orb.
     0 | D:1      | Reached XP level 1. HP: 15/15 MP: 4/4
   276 | D:1      | Reached XP level 2. HP: 22/22 MP: 0/6
   769 | D:1      | Found a faded altar of an unknown god.
  1054 | D:1      | Reached XP level 3. HP: 28/28 MP: 2/8
  1235 | D:2      | Learned a level 3 spell: Mephitic Cloud
  1239 | D:2      | Learned a level 3 spell: Conjure Flame
  1242 | D:2      | Learned a level 2 spell: Blink
  1703 | D:2      | Reached skill level 1 in Poison Magic
  1753 | D:2      | Reached XP level 4. HP: 30/36 MP: 10/10
  2297 | D:3      | Found a runed translucent door.
  2298 | D:3      | Noticed Crazy Yiuf
  2673 | D:3      | Noticed Robin
  2676 | D:3      | Noticed Ijyb
  2689 | D:3      | Gained mutation: Your spells are a little easier to cast,
                  | but a little less powerful. [potion of mutation]
  2689 | D:3      | Gained mutation: Your mind is acute. (Int +2) [potion of
                  | mutation]
  2689 | D:3      | Gained mutation: You are strong-willed. (Will+) [potion of
                  | mutation]
  2720 | D:3      | Killed Ijyb
  2721 | D:3      | Reached XP level 5. HP: 35/43 MP: 4/11
  2726 | D:3      | Killed Robin
  2905 | D:3      | Noticed pokeman's ghost (amateur DEWz)
  2914 | D:3      | Reached skill level 4 in Stealth
  3177 | D:3      | Found a runed translucent gate.
  3178 | D:3      | Found a runed translucent gate.
  3179 | D:3      | Found a runed translucent gate.
  3316 | D:3      | Noticed Natasha
  3325 | D:3      | Killed Natasha
  3515 | D:3      | Reached XP level 6. HP: 23/50 MP: 7/12
  3959 | D:3      | Killed Crazy Yiuf
  3960 | D:3      | Reached skill level 1 in Fighting
  3960 | D:3      | Reached skill level 5 in Stealth
  4089 | D:4      | Found an ornate altar of the Wu Jian Council.
  4321 | D:4      | Noticed Sigmund
  4325 | D:4      | Noticed Menkaure
  4341 | D:4      | Mangled by Menkaure

Illustrated notes

Levels and vault maps discovered:
D:1:      lemuel_arrival_hallway, layout_basic,
          chequers_ecumenical_altar_island, minmay_worlds_worst_comb
D:2:      layout_basic, kennysheep_cross_room
D:3:      layout_basic, gammafunk_ghost_icy, uniq_ijyb, uniq_crazy_yiuf_cottage,
          uniq_robin, uniq_natasha
D:4:      layout_loops_corners, old_standard_altar, uniq_sigmund, uniq_menkaure

Skill      XL: |  1  2  3  4  5  6 |
---------------+-------------------+-----
Spellcasting   | 4 |  4.5
Poison Magic   | 1 2 |  2.5
Dodging        | 2 |  2.3
Stealth        | 4 5 |  5.0
Conjurations   | 2 |  2.2
Fighting       | 1 |  1.0
Armour         | |  0.6
Summonings     | |  1.0
Translocations | |  1.0
Air Magic      | |  0.1

Action                   |  1- 3 |  4- 6 || total
-------------------------+-------+-------++-------
Melee: Dagger            |    30 |   106 ||   136
 Cast: Magic Dart        |    60 |    46 ||   106
       Mephitic Cloud    |       |     7 ||     7
       Blink             |       |     1 ||     1
 Abil: Spit Poison       |     1 |     5 ||     6
  Use: Potion            |       |     4 ||     4
 Stab: Sleeping          |     4 |     3 ||     7
       Confused          |       |     3 ||     3
Armor: Robe              |       |     1 ||     1
       Leather armour    |       |    12 ||    12
Dodge: Dodged            |    19 |    88 ||   107

Table legend: (Time is in decaauts)
 A = Elapsed time spent in this place.
 B = Non-inter-level travel time spent in this place.
 C = Inter-level travel time spent in this place.
 D = Time resting spent in this place.
 E = Time spent auto-exploring this place.
 F = Levels seen in this place.
 G = Mean time per level.
                   A        B        C        D        E       F      G
               +--------+--------+--------+--------+--------+-----+--------+
         Total |   5273 |   5194 |     79 |    307 |   4155 |   4 | 1318.2 |
       Dungeon |   5273 |   5194 |     79 |    307 |   4155 |   4 | 1318.2 |
               +--------+--------+--------+--------+--------+-----+--------+

Top non-repeatable levels by time:
     D:3: 2072 daAuts
     D:1: 1498 daAuts
     D:2: 1294 daAuts
     D:4: 407 daAuts
